 Dungeon Crawl Stone Soup version 0.31-a0-765-g67fe2935dc (webtiles) character file.

Game seed: 8766276395223595350

172 cforsyth the Trooper (level 5, -1/42 HPs)
             Began as a Djinni Delver on Sept 15, 2023.
             Slain by an orc
             ... wielding a +0 hand axe
              (3 damage)
             ... on level 4 of the Dungeon.
             The game lasted 00:02:36 (698 turns).

cforsyth the Trooper (Djinni Delver)                 Turns: 698, Time: 00:02:37

Health: -1/42      AC:  5    Str: 11    XL:     5   Next: 82%
Gold:   59         EV: 12    Int: 13    God:
                   SH:  0    Dex: 15

rFire   + + .        k - +3 flail
rCold   x . .        (no shield)
rNeg    . . .        b - +0 leather armour
rPois   ∞            j - +1 hat
rElec   .            (no cloak)
rCorr   .            i - +0 pair of gloves
SInv    .            (boots unavailable)
Will    .....        (no amulet)
Stlth   ++           (no ring)
HPRegen 0.27/turn    (no ring)
MPRegen 0.00/turn

%: infuse magic (-2 HP)
@: flying
A: sickness immunity, fire resistance 2, cold vulnerability 1, float, innate
caster, HP casting, extra vitality 1
a: no special abilities


You were on level 4 of the Dungeon.
You visited 1 branch of the dungeon, and saw 2 of its levels.

You collected 59 gold pieces.

Inventory:

Hand Weapons
 a - a +0 falchion
 k - a +3 flail (weapon)
Armour
 b - a +0 leather armour (worn)
 i - a +0 pair of gloves (worn)
 j - a +1 hat (worn)
Wands
 e - a wand of charming (5)
 g - a wand of digging (3)
Scrolls
 c - a scroll of fog
 d - a scroll of revelation
 h - a scroll of amnesia
Potions
 f - a potion of haste


   Skills:
 + Level 4.7 Fighting
 - Level 1.7 Long Blades
 - Level 2.1 Dodging
 - Level 4.1 Stealth
 + Level 2.4 Spellcasting
 + Level 2.4 Conjurations
 + Level 2.4 Hexes
   Level 0.0 Charms
 + Level 2.4 Summonings
 + Level 2.4 Necromancy
 + Level 2.4 Translocations
 + Level 2.4 Transmutations
 + Level 2.4 Fire Magic
 + Level 2.4 Ice Magic
 + Level 2.4 Air Magic
 + Level 2.4 Earth Magic
 + Level 2.4 Poison Magic


You knew the following spells:

 Your Spells              Type           Power      Damage    Failure   Level
a - Sandblast             Erth           14%        2d6       12%         1
b - Jinxbite              Hex            14%        N/A       19%         2
Your spell library was empty.

Dungeon Overview and Level Annotations

Branches:
Dungeon (5/15)
 Temple: D:4-7

Altars:
Gozag

Annotations:
D:5 Edmund


Innate Abilities, Weirdness & Mutations

You are immune to sickness and miasma.
You are immune to poison.
Your flesh is very heat resistant. (rF++)
You are vulnerable to cold. (rC-)
You float through the air rather than walking.
You learn spells naturally, not from books.
Your magical power is your life essence.
You have superior vitality. (+4 MHP)


Message History

You kill the ufetubus!
The orc hits you with a +0 hand axe.
You hit the gnoll but do no damage. The orc closely misses you.
The gnoll closely misses you.
You hit the gnoll.
The gnoll is moderately wounded.
The gnoll is no longer moving quickly.
The orc hits you but does no damage. The gnoll barely misses you.
The orc hits you but does no damage. The gnoll misses you.
You sock the gnoll!
The gnoll is almost dead.
The orc barely misses you. The gnoll hits you with a +0 club.
You thump the gnoll!
You kill the gnoll!
The orc closely misses you. x2
You hit the orc.
The orc is lightly wounded.
The orc hits you with a +0 hand axe. The hound bites you but does no damage.
You closely miss the orc.
The orc is lightly wounded.
The hound bites you but does no damage. The orc hits you with a +0 hand axe.
The hound bites you.
* * * LOW HITPOINT WARNING * * *
You hit the orc.
The orc is almost dead.
The hound bites you.
* * * LOW HITPOINT WARNING * * *
The orc barely misses you. The hound bites you.
* * * LOW HITPOINT WARNING * * *
The orc hits you but does no damage.
You closely miss the orc.
The orc is almost dead.
The hound bites you but does no damage. The orc hits you with a +0 hand axe.
* * * LOW HITPOINT WARNING * * *
The hound bites you but does no damage.
You barely miss the orc.
The orc is almost dead.
The hound closely misses you. The orc barely misses you.
The hound bites you but does no damage. The orc hits you with a +0 hand axe.
You die...

#.....##
####......
.........#
......#..#
#....>.#
#......#
#......#
#..##.o##
#.. ##h@#
#.. ####
#. .<


You could see a hound and an orc.

Vanquished Creatures
  A jelly (D:5)
  3 hounds
  3 gnolls
  An adder (D:5)
  An ufetubus (D:4)
  3 orcs (D:5)
  A giant cockroach (D:4)
  A quokka (D:5)
14 creatures vanquished.

Notes
Turn   | Place    | Note
-------+----------+-------------------------------------------
     0 | D:5      | cforsyth the Djinni Delver began the quest for the Orb.
     0 | D:5      | Reached XP level 1. HP: 20/20 MP: 0/0
    12 | D:5      | Noticed a hound
    13 | D:5      | Noticed a hound
    24 | D:4      | HP: 1/20 [hound (2)]
    25 | D:4      | Killed a hound
    26 | D:4      | Reached skill level 1 in Spellcasting
    26 | D:4      | Reached skill level 1 in Conjurations
    26 | D:4      | Reached skill level 1 in Hexes
    26 | D:4      | Reached skill level 1 in Summonings
    26 | D:4      | Reached skill level 1 in Necromancy
    26 | D:4      | Reached skill level 1 in Translocations
    26 | D:4      | Reached skill level 1 in Transmutations
    26 | D:4      | Reached skill level 1 in Fire Magic
    26 | D:4      | Reached skill level 1 in Ice Magic
    26 | D:4      | Reached skill level 1 in Air Magic
    26 | D:4      | Reached skill level 1 in Earth Magic
    26 | D:4      | Reached skill level 1 in Poison Magic
    26 | D:4      | Reached XP level 2. HP: 2/25 MP: 0/0
    26 | D:4      | Reached XP level 3. HP: 3/30 MP: 0/0
    26 | D:4      | Learned a level 1 spell: Sandblast
   173 | D:5      | Reached XP level 4. HP: 6/37 MP: 0/0
   329 | D:5      | Found an opulent altar of Gozag.
   445 | D:5      | Reached XP level 5. HP: 19/42 MP: 0/0
   445 | D:5      | Learned a level 2 spell: Jinxbite
   449 | D:5      | Noticed Edmund
   697 | D:4      | HP: 2/42 [orc/+0 hand axe (3)]
   698 | D:4      | Slain by an orc

Illustrated notes

Levels and vault maps discovered:
D:4:      minmay_bubble_buster, layout_cave_pods, minmay_temple_entry_ruins,
          minmay_misc_feat_nine_boxes, nicolae_specific_store
D:5:      layout_basic, nicolae_overflow_crystal_walls, uniq_edmund

Skill      XL: |  1  2  3  4 |
---------------+-------------+-----
Spellcasting   | 1 2 |  2.4
Conjurations   | 1 2 |  2.4
Hexes          | 1 2 |  2.4
Summonings     | 1 2 |  2.4
Necromancy     | 1 2 |  2.4
Translocations | 1 2 |  2.4
Transmutations | 1 2 |  2.4
Fire Magic     | 1 2 |  2.4
Ice Magic      | 1 2 |  2.4
Air Magic      | 1 2 |  2.4
Earth Magic    | 1 2 |  2.4
Poison Magic   | 1 2 |  2.4
Fighting       | 4 |  4.7
Long Blades    | |  1.7
Dodging        | |  2.1
Stealth        | |  4.1

Action                     |  1- 3 |  4- 6 || total
---------------------------+-------+-------++-------
  Melee: Falchion          |    30 |    44 ||    74
         Flail             |       |    10 ||    10
    Use: Scroll            |       |     2 ||     2
         Potion            |       |     2 ||     2
   Stab: Sleeping          |       |     1 ||     1
 Armour: Leather armour    |    27 |    63 ||    90
  Dodge: Dodged            |    22 |    67 ||    89

Table legend: (Time is in decaauts)
 A = Elapsed time spent in this place.
 B = Non-inter-level travel time spent in this place.
 C = Inter-level travel time spent in this place.
 D = Time resting spent in this place.
 E = Time spent auto-exploring this place.
 F = Levels seen in this place.
 G = Mean time per level.
                   A        B        C        D        E       F      G
               +--------+--------+--------+--------+--------+-----+--------+
         Total |    717 |    717 |      0 |    109 |    268 |   2 |  358.5 |
       Dungeon |    717 |    717 |      0 |    109 |    268 |   2 |  358.5 |
               +--------+--------+--------+--------+--------+-----+--------+

Top non-repeatable levels by time:
     D:5: 572 daAuts
     D:4: 144 daAuts
